 Dungeon Crawl Stone Soup version 0.27-a0-1123-g2f9bb313c0 (webtiles) character file.

Game seed: 2205809871645256403

585 Zeld the Chucker (level 7, 0/48 HPs)
             Began as an Octopode Fighter on May 3, 2021.
             Slain by a killer bee (7 damage)
             ... on level 3 of the Dungeon.
             The game lasted 00:07:30 (5597 turns).

Zeld the Chucker (Octopode Fighter)                 Turns: 5597, Time: 00:07:31

Health: 0/48       AC:  1    Str: 18    XL:     7   Next: 37%
Magic:  0/7        EV: 11    Int: 10    God:
Gold:   197        SH:  9    Dex: 11    Spells: 6/6 levels left

rFire    . . .     SeeInvis .   a - +0 war axe
rCold    . . .     Faith    .   b - +0 kite shield
rNeg     . . .     Spirit   +   (helmet restricted)
rPois    .         Reflect  .   p - amulet of guardian spirit
rElec    .         Harm     .   (no ring)
rCorr    .         Rampage  .   (no ring)
Will     .....                  (no ring)
Stlth    ++........             (no ring)
HPRegen  0.16/turn              (no ring)
MPRegen  0.10/turn              (no ring)
                                (no ring)
                                (no ring)

@: mighty
A: almost no armour, amphibious, 8 rings, camouflage 1, gelatinous body 1,
(nimble swimmer 1), tentacles
a: no special abilities


You were on level 3 of the Dungeon.
You visited 1 branch of the dungeon, and saw 4 of its levels.

You collected 197 gold pieces.

Inventory:

Hand Weapons
 a - a +0 war axe (weapon)
Missiles
 d - 29 poisoned darts (quivered)
 f - 6 boomerangs
Armour
 b - a +0 kite shield (worn)
Jewellery
 p - an amulet of guardian spirit (around mantle)
Wands
 l - a wand of acid (14)
Scrolls
 e - 3 scrolls of blinking {unknown}
 h - a scroll of fear {unknown}
 j - a scroll of immolation {unknown}
 k - a scroll of enchant weapon {unknown}
 n - a scroll of fog {unknown}
 o - 3 scrolls of identify {unknown}
 q - a scroll of magic mapping {unknown}
 r - a scroll of noise {unknown}
 u - a scroll of amnesia {unknown}
Potions
 c - a potion of might
 g - a potion of resistance {unknown}
 i - a potion of attraction {unknown}
 m - a potion of haste {unknown}
 s - a potion of invisibility {unknown}
 t - a potion of mutation {unknown}
 v - 2 potions of curing {unknown}


   Skills:
 * Level 4.0 Fighting
 * Level 3.2 Axes
 - Level 6.0 Throwing
 - Level 3.0 Dodging
 * Level 4.0 Shields


You had 6 spell levels left.
You didn't know any spells.
Your spell library contained the following spells:

 Spells                   Type           Power      Damage    Failure   Level
 Confusing Touch          Hex            0%         N/A       99%         3
 Gell's Gravitas          Tloc           0%         N/A       99%         3
 Petrify                  Tmut/Erth      0%         N/A       100%        4
 Metabolic Englaciation   Hex/Ice        0%         N/A       100%        5
 Yara's Violent Unravell  Hex/Tmut       0%         3d3       100%        5


Dungeon Overview and Level Annotations

Branches:
Dungeon (4/15)
 Temple: D:4-7

Altars:
Xom

Shops:
D:1 (


Innate Abilities, Weirdness & Mutations

You cannot wear most types of armour.
You are amphibious.
You can wear up to eight rings at the same time.
Your skin changes colour to match your surroundings (Stealth+).
Your rubbery body absorbs attacks. (AC +1, EV +1)
((You are camouflaged near water. (Stealth+)))
You have tentacles for arms and can constrict up to eight enemies at once.


Message History

You now have 197 gold pieces (gained 9).
A killer bee comes into view.
A killer bee is nearby!
A killer bee is nearby!
A killer bee is nearby!
A killer bee is nearby! 3 killer bees come into view.
The killer bee buzzes angrily.
The killer bee buzzes angrily.
The killer bee barely misses you. You block the killer bee's attack.
The killer bee stings you!
There is an escape hatch in the ceiling here.
You barely miss the killer bee.
The killer bee buzzes angrily.
You grab the killer bee. Your squeeze misses the killer bee.
You miss the killer bee. You constrict the killer bee.
The killer bee stings you! You block the killer bee's attack. x2
The killer bee stings you.
An orc comes into view. It is wielding a +0 short sword.
You block the killer bee's attack.
The killer bee struggles to escape constriction.
You release your grip on the killer bee.
You block the killer bee's attack. The killer bee stings you. x2
The killer bee stings you! The killer bee barely misses you.
A mysterious force pulls you upwards. The hatch slams shut behind you.
Unknown command.
You are too injured to fight recklessly!
You are too injured to fight recklessly!
You feel very mighty all of a sudden. You block the killer bee's attack.
The killer bee closely misses you. The killer bee misses you.
The killer bee stings you!
* * * LOW HITPOINT WARNING * * *
You barely miss the killer bee. You grab the killer bee.
The killer bee is moderately wounded.
You miss the killer bee. You constrict the killer bee.
The killer bee stings you.
* * * LOW HITPOINT WARNING * * *
The killer bee barely misses you. The killer bee misses you. x2
The killer bee barely misses you. The killer bee stings you!
You die...

#...# ###......#...>##..........
...#####...#.#.......##........#.
..###....###.#...................
.####.#### #.#...................
####..######.#.......##..........
...............................#.
...........##........##........#.
.........#.....y#.##........###..
.........#......@y.........(.....
.............###.......#.........
......>....).# #.......#.........
.............###.......#....#....
............................#....
..♣♣.........###.................
..♣.♣.............(..............
.♣.♣..............######....#####
..♣♣.............## #....#


You could see 2 killer bees.

Vanquished Creatures
  A water moccasin (D:3)
  2 ogres
  A wyvern skeleton (D:4)
  2 bullfrog zombies (D:3)
  A bullfrog skeleton (D:4)
  An orc wizard (D:3)
  2 hound skeletons (D:4)
  Robin (D:4)
  4 adders
  A worm (D:2)
  A dart slug (D:3)
  2 orcs (D:2)
  5 ball pythons
  7 bats
  4 endoplasms
  4 giant cockroaches
  13 goblins
  10 hobgoblins
  4 quokkas
  3 frilled lizards (D:2)
  3 kobolds
  5 rats
77 creatures vanquished.

Notes
Turn   | Place    | Note
-------+----------+-------------------------------------------
     0 | D:1      | Zeld the Octopode Fighter began the quest for the Orb.
     0 | D:1      | Reached XP level 1. HP: 16/16 MP: 1/1
   158 | D:1      | Reached skill level 1 in Throwing
   258 | D:1      | Reached XP level 2. HP: 21/21 MP: 2/2
   402 | D:1      | Reached skill level 2 in Throwing
   838 | D:1      | Found Titamoc's Antique Weapon Emporium.
  1069 | D:2      | Found a faded altar of an unknown god.
  1214 | D:2      | Found a shimmering altar of Xom.
  1263 | D:2      | Reached XP level 3. HP: 25/26 MP: 3/3
  1529 | D:2      | Reached skill level 3 in Throwing
  2371 | D:2      | Reached XP level 4. HP: 14/31 MP: 4/4
  3214 | D:3      | Reached skill level 4 in Throwing
  3389 | D:3      | Reached XP level 5. HP: 9/36 MP: 5/5
  3757 | D:3      | Reached skill level 5 in Throwing
  4117 | D:4      | Noticed an ogre
  4406 | D:3      | Killed an ogre
  4407 | D:3      | Reached XP level 6. HP: 29/42 MP: 4/6
  4502 | D:4      | Reached skill level 6 in Throwing
  4576 | D:4      | Noticed Robin
  4577 | D:4      | Noticed a water moccasin
  4595 | D:3      | Killed a water moccasin
  5254 | D:4      | Killed Robin
  5255 | D:4      | Reached XP level 7. HP: 46/46 MP: 7/7
  5597 | D:3      | Slain by a killer bee

Illustrated notes

Levels and vault maps discovered:
D:1:      dpeg_arrival_lava_temple_mockup, layout_basic, serial_corexii_hall,
          corexii_hall_statues_i, corexii_hall_statues_i,
          corexii_hall_statues_x, serial_shops, nicolae_shop_window_shopping,
          skrybe_limestone_x
D:2:      layout_basic, basic_altar, ebering_ecumenical_altar_box, st_stairs_12,
          minmay_split_cup_large
D:3:      layout_rooms, chequers_garden
D:4:      layout_cave_pools, uniq_robin

Skill      XL: |  1  2  3  4  5  6  7 |
---------------+----------------------+-----
Throwing       | 1 2 3 4 5 6 |  6.0
Axes           | 3 |  3.2
Fighting       | 4 |  4.0
Shields        | 4 |  4.0
Dodging        | |  3.0

Action                   |  1- 3 |  4- 6 |  7- 9 || total
-------------------------+-------+-------+-------++-------
Melee: War axe           |    62 |    56 |    19 ||   137
       Constrict         |    20 |    15 |     7 ||    42
       Tentacles         |     8 |    10 |     3 ||    21
Throw: Dart              |       |    10 |     8 ||    18
  Use: Potion            |       |       |     1 ||     1
 Stab: Sleeping          |     7 |     2 |       ||     9
Armor: Skin              |     5 |     7 |       ||    12
Dodge: Dodged            |    32 |    34 |     9 ||    75
Block: Kite shield       |    27 |    36 |    16 ||    79

Table legend: (Time is in decaauts)
 A = Elapsed time spent in this place.
 B = Non-inter-level travel time spent in this place.
 C = Inter-level travel time spent in this place.
 D = Time resting spent in this place.
 E = Time spent auto-exploring this place.
 F = Levels seen in this place.
 G = Mean time per level.
                   A        B        C        D        E       F      G
               +--------+--------+--------+--------+--------+-----+--------+
         Total |   5693 |   5554 |    139 |   2352 |   2567 |   4 | 1423.2 |
       Dungeon |   5693 |   5554 |    139 |   2352 |   2567 |   4 | 1423.2 |
               +--------+--------+--------+--------+--------+-----+--------+

Top non-repeatable levels by time:
     D:2: 2287 daAuts
     D:3: 1824 daAuts
     D:1: 1082 daAuts
     D:4: 498 daAuts
